Map: Forteresse de fer EC

Players

Beesuit

  • Race: Protoss Protoss

AgCl - Winner!

  • Race: Protoss Protoss

VOD

Have the link to the VOD?

Description

Time

  • Played on: May 9, 2015, 6:09 p.m.
  • Length: 5:50
Show
View Real Time Build Order
Export as new Build Order

Beesuit Protoss 

Build Orders: Oracle Opening, Oracle Opening 

Get SALT Encoding   

  12  0:01  Probe  
  13  0:13  Pylon  
  13  0:17  Probe  
  14  0:31  Probe (Chrono Boost)  
  14  0:33  Gateway  
  16  0:44  Probe (Chrono Boost)  
  16  0:46  Assimilator  
  16  0:51  Probe  
  17  1:03  Probe (Chrono Boost), Pylon  
  18  1:14  Probe (Chrono Boost)  
  19  1:20  Probe (Chrono Boost)  
  19  1:24  Cybernetics Core  
  20  1:28  Gateway  
  20  1:32  Probe  
  21  1:38  Assimilator  
  21  1:43  Pylon  
  21  1:46  Probe (Chrono Boost)  
  22  1:56  Probe (Chrono Boost)  
  23  2:01  Warp Gate  
  23  2:07  Adept (Chrono Boost)  
  27  2:21  Adept (Chrono Boost)  
  27  2:22  Gateway  
  27  2:23  Probe  
  27  2:28  Stargate  
  28  2:37  Adept  
  28  2:42  Adept  
  32  2:52  Probe (Chrono Boost)  
  33  3:03  Mothership Core (Chrono Boost)  
  35  3:23  Oracle (Chrono Boost)  
  38  3:42  Pylon  
  38  3:46  Nexus  
  38  3:52  Pylon  
  38  4:00  Probe  
  39  4:17  Probe (Chrono Boost)  
  39  4:21  Assimilator  
  40  4:26  Assimilator  
  40  4:27  Probe (Chrono Boost)  
  40  4:28  Pylon  
  40  4:29  Stalker  
  40  4:30  Sentry  
  43  4:32  Pylon  
  43  4:34  Probe, Pylon  
  44  4:43  Zealot  
  44  4:46  Probe (Chrono Boost)  
  45  4:53  Zealot  
  45  4:55  Sentry  
  45  4:57  Probe (Chrono Boost)  
  50  5:03  Probe  
  45  5:15  Probe (Chrono Boost)  
  45  5:19  Stalker x3  
  52  5:22  Probe (Chrono Boost)  
  52  5:28  Probe (Chrono Boost)  
  46  5:32  Probe (Chrono Boost)  
  46  5:35  Probe (Chrono Boost)  
Show
View Real Time Build Order
Export as new Build Order

AgCl Protoss - Winner!

Build Orders: Nexus First 

Get SALT Encoding   

  12  0:06  Probe  
  13  0:18  Probe  
  14  0:54  Pylon  
  14  1:04  Nexus, Assimilator  
  14  1:26  Pylon  
  14  1:28  Probe (Chrono Boost)  
  14  1:29  Gateway  
  15  1:39  Probe (Chrono Boost), Assimilator  
  16  1:45  Probe (Chrono Boost)  
  17  1:57  Probe (Chrono Boost)  
  18  2:05  Probe (Chrono Boost)  
  19  2:14  Probe (Chrono Boost)  
  20  2:17  Cybernetics Core  
  20  2:19  Probe (Chrono Boost)  
  22  2:25  Probe (Chrono Boost)  
  22  2:27  Probe (Chrono Boost)  
  23  2:32  Probe (Chrono Boost), Pylon  
  23  2:35  Probe (Chrono Boost)  
  25  2:42  Pylon  
  25  2:43  Probe (Chrono Boost)  
  27  2:52  Probe (Chrono Boost)  
  27  2:53  Probe (Chrono Boost)  
  27  2:56  Warp Gate (Chrono Boost)  
  28  3:00  Mothership Core (Chrono Boost)  
  28  3:05  Robotics Facility  
  26  3:22  Stalker (Chrono Boost)  
  28  3:33  Probe (Chrono Boost)  
  29  3:39  Gateway  
  29  3:42  Probe, Forge  
  30  3:58  Immortal (Chrono Boost)  
  29  4:33  Pylon  
  27  4:41  Immortal (Chrono Boost)  
  31  4:55  Photon Cannon  
  31  5:10  Stalker  
  33  5:23  Stalker  
  31  5:29  Probe  
Tags
 
Add a new tag
Caveats
  • Supply blocks, unpowered buildings, or Contaminate may cause inaccurate times.
  • Supply counts are checked every 10 seconds.